 Dungeon Crawl Stone Soup version 0.27.1-4-g1640c2035a (webtiles) character file.

Game seed: 2280517441023768381

1793 bearlyready the Basher (level 9, -1/80 HPs)
             Began as an Ogre Brigand on Nov 13, 2021.
             Was a Believer of Trog.
             Hit by a silver boomerang thrown by an orc warrior (13 damage)
             ... on level 6 of the Dungeon.
             The game lasted 00:13:18 (10135 turns).

bearlyready the Basher (Ogre Brigand)              Turns: 10135, Time: 00:13:18

Health: -1/80      AC:  4    Str: 20    XL:     9   Next: 9%
Magic:  9/9        EV:  9    Int: 12    God:    Trog [**....]
Gold:   676        SH:  0    Dex: 10    Spells: 8/8 levels left

rFire    . . .     SeeInvis .   k - +0 flail
rCold    + . .     Faith    .   (no shield)
rNeg     . . .     Spirit   .   b - +0 robe
rPois    .         Reflect  .   (helmet restricted)
rElec    .         Harm     .   c - +0 cloak
rCorr    .         Rampage  .   (gloves unavailable)
Will     .....                  (boots unavailable)
Stlth    ++........             (no amulet)
HPRegen  0.23/turn              p - ring of protection from cold
MPRegen  0.11/turn              (no ring)

@: no status effects
A: large, unfitting armour, tough skin 1
a: Renounce Religion, Berserk, Trog's Hand


You were on level 6 of the Dungeon.
You worshipped Trog.
Trog was pleased with you.
You visited 1 branch of the dungeon, and saw 6 of its levels.
You also visited: Ossuary.

You collected 676 gold pieces.

Inventory:

Hand Weapons
 a - a +2 dagger
 k - a +0 flail (weapon)
Missiles
 d - 16 poisoned darts (quivered)
 e - 2 curare-tipped darts
 f - 345 stones
 m - 4 boomerangs
Armour
 b - a +0 robe (worn)
 c - a +0 cloak (worn)
Jewellery
 p - a ring of protection from cold (left hand)
 z - a ring of wizardry
 B - a ring of protection from cold
Wands
 t - a wand of paralysis (5)
 E - a wand of digging (4)
Scrolls
 i - 2 scrolls of acquirement {unknown}
 j - 4 scrolls of teleportation
 o - 3 scrolls of amnesia {unknown}
 q - 2 scrolls of brand weapon {unknown}
 r - 2 scrolls of blinking {unknown}
 s - 5 scrolls of identify {unknown}
 y - a scroll of holy word {unknown}
 A - a scroll of summoning {unknown}
 C - a scroll of enchant armour {unknown}
 D - a scroll of silence {unknown}
Potions
 g - 3 potions of curing
 h - 5 potions of degeneration {unknown}
 l - 2 potions of heal wounds {unknown}
 n - 2 potions of haste
 u - a potion of brilliance {unknown}
 v - a potion of berserk rage {unknown}
 w - a potion of mutation {unknown}
 x - a potion of ambrosia {unknown}
 F - a potion of lignification {unknown}


   Skills:
 - Level 2.6 Fighting
 - Level 1.7 Short Blades
 + Level 9.9 Maces & Flails
 - Level 4.0 Throwing
 - Level 0.8 Dodging
 - Level 3.0 Stealth


You had 8 spell levels left.
You didn't know any spells.
Your spell library contained the following spells:

 Spells                   Type           Power      Damage    Failure   Level
 Ignite Poison            Fire/Tmut/Pois 0%         N/A       69%         3
 Mephitic Cloud           Conj/Pois/Air  0%         N/A       69%         3
 Bolt of Magma            Conj/Fire/Erth 0%         4d4       100%        5


Dungeon Overview and Level Annotations

Branches:
Dungeon (6/15)            Ossuary (visited)
 Temple: D:4-7

Altars:
Elyvilon
Gozag
Makhleb
Ru
Trog

Annotations:
D:3 2 transporters


Innate Abilities, Weirdness & Mutations

You are too large for most types of armour.
You have tough skin. (AC +1)


Message History

The poisoned dart closely misses the orc warrior.
Throw: 17 darts (poison)
Press: ? - help, Q - select action, (/) - cycle Shift-Dir - straight line, f/p - orc wizard
Aim: an orc wizard, wielding a +0 dagger and wearing a +0 robe (51% to hit)
You throw a poisoned dart. The poisoned dart hits the orc wizard!
The orc wizard is poisoned.
The orc wizard hits you with a +0 dagger.
The orc warrior throws a silver boomerang.
The silver boomerang hits you.
You closely miss the orc wizard.
The orc wizard is lightly wounded.
The orc wizard closely misses you.
The orc warrior throws a silver boomerang.
The silver boomerang hits you!
Throw: 16 darts (poison)
Press: ? - help, Q - select action, (/) - cycle Shift-Dir - straight line, f/p - orc wizard
Aim: an orc wizard, wielding a +0 dagger and wearing a +0 robe (moderately wounded, very poisoned, 51% to hit)
Okay, then.
You hit the orc wizard.
The orc wizard is heavily wounded.
The orc wizard closely misses you.
You sock the orc wizard!
The orc wizard is almost dead.
The orc wizard closely misses you.
You barely miss the orc wizard.
The orc wizard is almost dead.
You kill the orc wizard!
Trog accepts your kill.
Trog appreciates your killing of a magic user.
The orc warrior throws a silver boomerang.
The silver boomerang hits you!
There is an open door, spattered with blood here.
Things that are here:
a +0 dagger; a +0 robe; a poisoned dart The orc warrior throws a silver boomerang.
The silver boomerang hits you!
* * * LOW HITPOINT WARNING * * *
x2 The orc warrior throws a silver boomerang.
The silver boomerang hits you!
You die...

PP♣≈≈≈≈≈≈≈PP..#
##....#..
.♣≈≈≈P≈P♣≈PP..#
#.####..
P≈≈P+≈≈≈≈≈PP..# #.# #..
≈≈≈P.##≈.≈≈P#.#######
#.# #.. ♣≈P#.#
#P≈PP(...o...# #.##....
≈PP#.# #≈≈♣;..#####o###
#.##.... ≈PP# #
#.≈o..##.......#
#.##.... ≈(.# #≈≈≈P#
#.......####..# #..
.### ()≈o.
#.@.....+.###.# #.. ##
...# #.......#.#
#.###..
...#####.......#.#
#..##.. ..
#...........#.# ##.##..
#._.<.......#.# #.^#..
#...........#'#####.##.
##..).#................
#....#.........####.#.
###.##.........# #.#.


You could see an orc warrior.

Vanquished Creatures
  Eustachio (D:4)
  Duvessa (D:4)
  A black bear (D:6)
  2 centaurs (D:5)
  A kobold brigand (D:4)
  3 scorpions
  Dowan (D:4)
  A water moccasin skeleton (D:5)
  An electric eel (D:6)
  A bullfrog zombie (D:6)
  3 hounds
  3 jellies
  Crazy Yiuf (D:3)
  2 iguanas
  Ijyb (D:3)
  Natasha (thrice) (D:3)
  2 orc wizards
  9 mummies
  9 gnolls (D:4)
  10 adders
  A white imp (D:5)
  3 ufetubi (D:5)
  3 worms
  4 dart slugs
  5 orcs
  7 bats
  7 endoplasms
  9 giant cockroaches
  A gnoll zombie (Ossuary)
  3 goblins
  12 hobgoblins
  7 jackals
  A quokka (D:1)
  6 ball pythons
  15 frilled lizards
  A goblin zombie (D:4)
  2 hobgoblin zombies
  49 kobolds
  5 kobold zombies (Ossuary)
  An orc zombie (Ossuary)
  4 rats
202 creatures vanquished.

Vanquished Creatures (others)
  A butterfly (D:3)
  15 plants (D:6)
16 creatures vanquished.

Grand Total: 218 creatures vanquished

Notes
Turn   | Place    | Note
-------+----------+-------------------------------------------
     0 | D:1      | bearlyready the Ogre Brigand began the quest for the Orb.
     0 | D:1      | Reached XP level 1. HP: 22/22 MP: 1/1
   206 | D:1      | Reached XP level 2. HP: 29/29 MP: 2/2
   522 | D:1      | Found a faded altar of an unknown god.
   637 | D:1      | Reached XP level 3. HP: 36/36 MP: 3/3
  1561 | D:2      | Reached XP level 4. HP: 38/44 MP: 4/4
  1615 | D:2      | Reached skill level 1 in Maces & Flails
  2311 | D:3      | Noticed Ijyb
  2341 | D:3      | Paralysed by Ijyb for 7 turns
  2349 | D:3      | Killed Ijyb
  2350 | D:3      | Reached skill level 2 in Maces & Flails
  2496 | D:3      | Found a transporter.
  2500 | D:3      | Found a transporter.
  2515 | D:3      | Noticed Natasha
  2524 | D:3      | Killed Natasha
  2525 | D:3      | Reached XP level 5. HP: 44/50 MP: 5/5
  2575 | D:3      | Found a white marble altar of Elyvilon.
  2602 | D:3      | Reached skill level 3 in Maces & Flails
  2605 | D:3      | Noticed Natasha
  2631 | D:3      | Killed Natasha
  2894 | D:3      | Found a sacrificial altar of Ru.
  2910 | D:3      | Found an opulent altar of Gozag.
  2984 | D:3      | Noticed Natasha
  3000 | D:3      | Killed Natasha
  3001 | D:3      | Reached XP level 6. HP: 52/59 MP: 6/6
  3097 | D:3      | Reached skill level 4 in Maces & Flails
  3561 | D:3      | Found a runed translucent door.
  3562 | D:3      | Noticed Crazy Yiuf
  3577 | D:3      | Killed Crazy Yiuf
  3689 | D:4      | Found a sand-covered staircase.
  3935 | Ossuary  | Entered an ossuary
  4028 | Ossuary  | Reached skill level 5 in Maces & Flails
  4478 | D:4      | Found a bloodstained altar of Trog.
  4502 | D:4      | Reached XP level 7. HP: 63/66 MP: 7/7
  4759 | D:4      | Noticed Dowan
  4760 | D:4      | Noticed Duvessa
  4771 | D:4      | Killed Dowan
  4781 | D:4      | Killed Duvessa
  4782 | D:4      | Reached skill level 6 in Maces & Flails
  5412 | D:4      | Became a worshipper of Trog the Wrathful
  5946 | D:4      | Reached * piety under Trog
  6551 | D:4      | Reached skill level 7 in Maces & Flails
  6949 | D:5      | Entered Level 5 of the Dungeon
  7396 | D:5      | Reached XP level 8. HP: 54/74 MP: 8/8
  7809 | D:5      | Reached ** piety under Trog
  8150 | D:5      | Reached skill level 8 in Maces & Flails
  8558 | D:5      | Noticed Eustachio
  8596 | D:4      | Killed Eustachio
  9104 | D:6      | Reached skill level 9 in Maces & Flails
  9754 | D:6      | Reached XP level 9. HP: 80/80 MP: 9/9
  9834 | D:6      | Found a burning altar of Makhleb.
 10135 | D:6      | Hit by a silver boomerang thrown by an orc warrior

Illustrated notes

Levels and vault maps discovered:
D:1:      mrwooster_arrival_statue_3, layout_rooms,
          hellmonk_ecumenical_altar_crossroads, hex_tiny, minmay_misc_feat_roman
D:2:      minmay_wonky_spiral, layout_basic
D:3:      layout_rooms, nicolae_elyvilon_peaceful_grove,
          gammafunk_temple_overflow_arena, serial_glass, glass_columns_b,
          glass_columns_b, due_unseen_surprise, item_on_display_a,
          roderic_roman_lattice, lemuel_another_geyser, uniq_natasha, uniq_ijyb,
          uniq_crazy_yiuf_cottage
D:4:      minmay_goblin_kobold_castle, layout_rooms,
          mainiacjoe_overflow_concentric_impassable, nicolae_ossuary_entry_giza,
          kennysheep_cross_bottleneck, uniq_duvessa
D:5:      layout_layer_cave, kennysheep_flooded_box,
          chequers_serial_rivers_micro_e, bh_walls_and_bars, uniq_eustachio
D:6:      layout_basic, bloody_makhleb, amcnicky_mini_rare_corridor_liquid,
          serial_bayou_lagoon_a, minmay_lizard_king, uniq_prince_ribbit1

Skill      XL: |  1  2  3  4  5  6  7  8 |
---------------+-------------------------+-----
Throwing       | 3 4 |  4.0
Maces & Flails | 2 3 5 7 9 |  9.9
Stealth        | 3 |  3.0
Fighting       | |  2.6
Short Blades   | |  1.7
Dodging        | |  0.8

Action                   |  1- 3 |  4- 6 |  7- 9 || total
-------------------------+-------+-------+-------++-------
Melee: Dagger            |    89 |       |       ||    89
       Flail             |    40 |   189 |   288 ||   517
Throw: Dart              |     7 |    38 |    79 ||   124
       Boomerang         |       |    42 |     3 ||    45
Evoke: Wand              |       |       |     1 ||     1
  Use: Potion            |       |       |     3 ||     3
       Scroll            |       |       |     1 ||     1
 Stab: Sleeping          |     7 |     7 |     2 ||    16
       Paralysed         |       |       |     1 ||     1
Armor: Robe              |    36 |    74 |   119 ||   229
Dodge: Dodged            |    80 |    95 |   166 ||   341
